AoeStats
← [JaMx] K@l-El

Oasis

509809847Analyzed
4v4 RM · 5d ago on Sep 28, 2026· 17m 42s· 8 players
Game mode
Random Map
Map size
Large (8 player)
Population
200
Speed
Normal
Resources
Standard
Victory
Conquest
Starting age
Dark Age
Ending age
Imperial Age
RankedLock teamsTeams togetherTeam positionsShared explorationLock speedFull tech treeHidden civsTurbo modeCheats
Victory
Defeat
🇦🇷 Khmer · Argentina
1342
+19
1338
+19
🇹🇼 Bulgarians · Taiwan
1336
+19
🇲🇽 Aztecs · Mexico
1292
+21
1446
-21
🇲🇽 Persians · Mexico
1437
-20
🇵🇱 Spanish · Poland
1410
-20
🇲🇽 Britons · Mexico
1341
-17
Hbx_蒙古国海军司令
5:20 Loom
11:13 Feudal Age
15:34 Bloodlines
16:07 Scale Barding Armor
HK | Jai Guru Deva
7:20 Loom
9:40 Feudal Age
10:03 Man-at-Arms
13:30 Fletching
16:37 Padded Archer Armor
18:02 Double-Bit Axe
17:57 Horse Collar
屁屁寶寶
7:56 Loom
15:17 Feudal Age
15:50 Double-Bit Axe
17:20 Wheelbarrow
16:54 Scale Mail Armor
17:05 Forging
16:45 Fletching
SimbadMarino
10:17 Feudal Age
13:05 Castle Age
13:19 Bloodlines
14:58 Horse Collar
16:15 Scale Barding Armor
[JaMx] K@l-El
6:01 Loom
8:32 Feudal Age
8:58 Double-Bit Axe
14:31 Scale Barding Armor
15:27 Forging
sgt peppers s
0:26 Loom
6:23 Loom
9:37 Feudal Age
|FMG| Donde Estan Mis 5 Pizzas
7:34 Loom
10:01 Feudal Age
14:18 Fletching
AfricanNija
8:09 Loom
10:51 Feudal Age
11:28 Double-Bit Axe
14:24 Scale Barding Armor
15:37 Forging
16:45 Fletching
Connection lost

Rejoining the realm…

Still unreachable

The connection could not be restored.

Session expired

The server has moved on; the page needs a fresh start.